 Dungeon Crawl Stone Soup version 0.24-a0-408-gcc1054c (webtiles) character file.

Game seed: 15693638874802017360

53 AlmondAAA the Magician (level 3, -2/30 HPs)
             Began as a Tengu Wizard on June 6, 2019.
             Slain by a scorpion (4 damage)
             ... on level 2 of the Dungeon.
             The game lasted 00:01:23 (1220 turns).

AlmondAAA the Magician (Tengu Wizard)               Turns: 1220, Time: 00:01:24

Health: -2/30      AC:  2    Str: 13    XL:     3   Next: 89%
Magic:  2/9        EV: 13    Int: 18    God:
Gold:   109        SH:  0    Dex: 12    Spells: 8/9 levels left

rFire    . . .     SeeInvis .   (no weapon)
rCold    . . .     Gourm    .   (no shield)
rNeg     . . .     Faith    .   a - +0 robe
rPois    .         Spirit   .   b - +0 hat
rElec    .         Reflect  .   (no cloak)
rCorr    .         Harm     .   (no gloves)
MR       .....                  (boots unavailable)
Stlth    ..........             (no amulet)
HPRegen  0.10/turn              (no ring)
MPRegen  0.11/turn              (no ring)

@: berserking, lethally poisoned (-2 -> -9), very quick
A: beak, talons 3
a: no special abilities


You were on level 2 of the Dungeon.
You were hungry.

You visited 1 branch of the dungeon, and saw 2 of its levels.

You collected 109 gold pieces.

Inventory:

Armour
 a - a +0 robe (worn)
 b - a +0 hat (worn)
Jewellery
 g - an uncursed amulet of magic regeneration {unknown}
Scrolls
 e - 2 scrolls of identify {unknown}
 f - a scroll of immolation {unknown}
 k - a scroll of amnesia {unknown}
 m - a scroll of remove curse {unknown}
 n - a scroll of fog {unknown}
Potions
 c - 2 potions of berserk rage
 h - a potion of agility {unknown}
 i - a potion of ambrosia {unknown}
 j - a potion of curing {unknown}
 l - a potion of brilliance {unknown}
Comestibles
 d - 2 rations


   Skills:
 + Level 1.2 Fighting
 + Level 2.7 Dodging
 - Level 2.0 Stealth
 + Level 3.5 Spellcasting
 + Level 2.7 Conjurations
   Level 1.2 Summonings
   Level 0.7 Translocations


You had 8 spell levels left.
You knew the following spells:

 Your Spells              Type           Power        Failure   Level  Hunger
a - Magic Dart            Conj           ##..         4%          1    None

Your spell library contained the following spells:

 Spells                   Type           Power        Failure   Level  Hunger
 Call Imp                 Summ           #.......     14%         2    ##.....
 Blink                    Tloc           N/A          17%         2    ##.....
 Slow                     Hex            #.......     24%         2    ##.....
 Conjure Flame            Conj/Fire      #.......     26%         3    ###....
 Mephitic Cloud           Conj/Pois/Air  #.......     32%         3    ###....


Dungeon Overview and Level Annotations

Branches:
Dungeon (2/15)

Altars:


Innate Abilities, Weirdness & Mutations

You have a beak for a mouth.
You have claws for feet.


Message History

Ouch! That really hurt!
* * * LOW HITPOINT WARNING * * *
You are lethally poisoned!
The scorpion poisons you!
You aren't carrying any items that you can evoke.
Unknown command.
Okay, then.
It was a potion of berserk rage.
A red film seems to cover your vision as you go berserk!
You feel yourself moving faster!
You feel mighty!
* * * LOW HITPOINT WARNING * * *
You feel sick. The scorpion closely misses you.
You punch the scorpion! Your kick misses the scorpion.
The scorpion is severely wounded.
* * * LOW HITPOINT WARNING * * *
You feel sick.
You hit the scorpion but do no damage. Your kick misses the scorpion.
The scorpion is severely wounded.
The scorpion stings you.
You die...

#..#...##.#
.....#.##.........#..#.#
.....#.......####..#.#.[
............######.#....
....$...................
......>.....######......
..............####..)...
....>.s.#.#......#......
....###@#.###....#......
............#....†......
........................
............##..###.....
#######.....##..####....
#....................
#..#######..........##
..########............ #
..................#.


You could see a scorpion.

Vanquished Creatures
  Natasha (D:1)
  An adder (D:2)
  An ooze (D:1)
  A leopard gecko (D:1)
  A bat (D:1)
  A goblin (D:1)
  A hobgoblin (D:1)
  2 kobolds (D:2)
  A quokka (D:2)
  A ball python (D:2)
  A frilled lizard (D:1)
  5 rats
17 creatures vanquished.

Notes
Turn   | Place    | Note
-------+----------+-------------------------------------------
     0 | D:1      | AlmondAAA the Tengu Wizard began the quest for the Orb.
     0 | D:1      | Reached XP level 1. HP: 10/10 MP: 5/5
    92 | D:1      | Reached XP level 2. HP: 15/15 MP: 1/7
   916 | D:2      | Noticed Natasha
   929 | D:1      | Killed Natasha
   929 | D:1      | Reached XP level 3. HP: 12/20 MP: 0/8
  1041 | D:2      | Reached skill level 1 in Fighting
  1208 | D:2      | Noticed a scorpion
  1220 | D:2      | Slain by a scorpion

Levels and vault maps discovered:
D:1:      dpeg_arrival_arbitrary_b, layout_basic
D:2:      layout_rooms, uniq_natasha

Skill      XL: |  1  2  3 |
---------------+----------+-----
Conjurations   | 2 |  2.7
Fighting       | 1 |  1.2
Dodging        | |  2.7
Stealth        | |  2.0
Spellcasting   | |  3.5
Summonings     | |  1.2
Translocations | |  0.7

Action                   || total
-------------------------++-------
Melee: Unarmed           ||    14
       Kick              ||     4
       Peck              ||     3
 Cast: Magic Dart        ||    50
  Use: Potion            ||     1
Armor: Robe              ||     3
Dodge: Dodged            ||    15

Table legend:
 A = Non-vault XP
 B = Vault XP
 C = Vault XP percentage of total XP
 D = Non-vault monster count
 E = Vault monster count
 F = Vault count percentage of total count
                 A         B        C        D         E       F
            +---------+---------+-------+---------+---------+-------
      Total |      42 |      35 |  45.5 |      16 |       1 |   5.9
            +---------+---------+-------+---------+---------+-------
        D:1 |      21 |      35 |  62.5 |      10 |       1 |   9.1
        D:2 |      21 |       0 |   0.0 |       6 |       0 |   0.0
            +---------+---------+-------+---------+---------+-------
